Map: Ulrena

Players

Cocoon

  • Race: Zerg Zerg
  • League: Master

MCanning - Winner!

  • Race: Protoss Protoss
  • League: Grandmaster

VOD

Have the link to the VOD?

Description

Time

  • Played on: Dec. 3, 2015, 12:22 a.m.
  • Length: 8:40
Show
View Real Time Build Order
Export as new Build Order

Cocoon Zerg 

Build Orders: Hatch First 

Get SALT Encoding   

  12  0:01  Drone  
  13  0:08  Drone  
  14  0:18  Overlord  
  14  0:23  Extractor  
  14  0:25  Drone, Extractor  
  13  0:29  Drone  
  16  0:51  Hatchery  
  16  0:54  Drone  
  16  0:57  Drone  
  16  1:01  Drone  
  18  1:14  Spawning Pool  
  18  1:18  Drone  
  18  1:21  Drone  
  19  1:26  Extractor  
  19  1:27  Drone  
  19  1:38  Drone  
  20  1:54  Hatchery  
  20  2:01  Queen  
  21  2:09  Queen  
  21  2:14  Drone  
  24  2:16  Drone  
  25  2:23  Overlord  
  25  2:29  Metabolic Boost  
  25  2:33  Drone  
  25  2:36  Drone  
  27  2:41  Zergling x2  
  27  2:44  Zergling x2  
  29  2:45  Zergling x2  
  29  2:47  Drone  
  29  2:50  Drone  
  32  2:52  Drone  
  32  2:57  Drone  
  34  3:02  Drone  
  35  3:06  Queen  
  35  3:10  Overlord  
  37  3:13  Drone  
  37  3:15  Drone  
  37  3:18  Drone x2  
  41  3:20  Drone  
  42  3:30  Drone x5  
  42  3:34  Overlord  
  47  3:41  Drone x2  
  49  3:47  Drone  
  49  3:48  Overlord  
  50  3:53  Drone x4  
  50  3:54  Drone x2  
  50  3:55  Drone  
  57  3:59  Overlord  
  57  4:01  Drone  
  58  4:04  Extractor  
  58  4:05  Extractor  
  58  4:06  Roach Warren  
  55  4:26  Lair  
  55  4:28  Spore Crawler  
  55  4:30  Spore Crawler x2  
  55  4:31  Drone x5  
  54  4:32  Drone x2  
  54  4:33  Drone x2  
  54  4:34  Drone x2  
  54  4:35  Drone x2  
  54  4:37  Extractor  
  64  4:41  Zergling x4  
  64  4:42  Zergling x2  
  67  4:47  Roach x2  
  71  4:53  Roach  
  71  4:55  Overlord  
  71  4:56  Overlord  
  72  5:19  Drone  
  72  5:20  Drone x2, Extractor  
  72  5:21  Drone x5  
  76  5:22  Overlord, Extractor  
  76  5:25  Overlord  
  78  5:32  Glial Reconstitution  
  78  5:33  Drone x2  
  78  5:34  Spire  
  78  5:35  Drone  
  80  5:36  Drone  
  80  5:37  Drone  
  82  5:45  Drone x3  
  84  5:50  Overlord  
  84  5:54  Overlord  
  84  5:56  Drone  
  85  5:59  Drone x2, Hydralisk Den  
  85  6:02  Evolution Chamber x2  
  84  6:04  Queen  
  84  6:05  Queen  
  84  6:08  Roach  
  84  6:09  Roach x4  
  98  6:13  Ravager x3  
  98  6:14  Hatchery  
  98  6:15  Roach x2  
  98  6:16  Roach  
  106  6:20  Roach x2  
  106  6:23  Overseer  
  110  6:27  Roach  
  110  6:28  Roach x3  
  110  6:31  Overlord  
  118  6:37  Overlord  
  118  6:45  Overlord  
  117  6:49  Lurker Den  
  117  6:51  Hydralisk  
  117  6:52  Hydralisk x5  
  129  7:03  Roach x5  
  135  7:10  Zergling x6  
  135  7:11  Ravager x2  
  135  7:12  Ravager x4  
  144  7:16  Zergling x4  
  144  7:17  Zergling x2  
  128  7:27  Zergling x6  
  128  7:28  Zergling x12  
  111  7:34  Zergling x4  
  93  7:40  Zergling x6  
  92  7:44  Overlord  
  85  7:51  Roach  
  85  7:52  Roach x4  
  85  8:01  Roach x3  
  85  8:02  Roach  
  85  8:05  Roach  
  70  8:14  Roach x3  
  70  8:16  Overlord, Roach x3  
  70  8:17  Roach x2  
  70  8:19  Roach  
  75  8:20  Roach x2  
  75  8:21  Zergling x2  
Show
View Real Time Build Order
Export as new Build Order

MCanning Protoss - Winner!

Build Orders: 1 Gate Expand 

Get SALT Encoding   

  12  0:02  Probe (Chrono Boost)  
  13  0:12  Probe (Chrono Boost)  
  14  0:22  Pylon  
  14  0:23  Probe (Chrono Boost)  
  15  0:40  Probe (Chrono Boost)  
  16  0:44  Gateway  
  16  0:51  Probe (Chrono Boost)  
  16  0:53  Assimilator  
  17  1:01  Probe (Chrono Boost)  
  18  1:12  Probe (Chrono Boost)  
  19  1:28  Nexus  
  19  1:38  Cybernetics Core  
  19  1:43  Probe (Chrono Boost), Pylon  
  20  1:50  Assimilator  
  20  1:54  Probe (Chrono Boost)  
  21  2:04  Probe (Chrono Boost)  
  22  2:09  Zealot  
  22  2:15  Probe (Chrono Boost)  
  25  2:26  Mothership Core (Chrono Boost)  
  27  2:33  Warp Gate (Chrono Boost)  
  27  2:36  Adept  
  29  2:42  Probe (Chrono Boost)  
  31  2:44  Probe (Chrono Boost)  
  31  2:52  Probe (Chrono Boost)  
  31  2:54  Probe (Chrono Boost)  
  33  3:03  Probe (Chrono Boost)  
  33  3:04  Probe (Chrono Boost)  
  35  3:06  Robotics Facility  
  35  3:07  Stalker (Chrono Boost)  
  37  3:14  Probe x2  
  39  3:24  Probe (Chrono Boost)  
  39  3:26  Probe (Chrono Boost)  
  41  3:27  Gateway  
  41  3:36  Probe (Chrono Boost)  
  41  3:37  Probe (Chrono Boost)  
  43  3:45  Gateway  
  43  3:47  Probe  
  43  3:48  Gateway  
  45  3:56  Pylon  
  45  4:00  Warp Prism (Chrono Boost)  
  46  4:09  Pylon  
  46  4:19  Probe  
  46  4:22  Probe  
  52  4:39  Twilight Council, Probe, Immortal (Chrono Boost)  
  52  4:42  Probe  
  52  4:43  Pylon  
  54  4:46  Adept  
  54  4:47  Adept  
  54  4:50  Adept  
  54  4:51  Adept, Pylon  
  62  5:07  Pylon  
  62  5:12  Immortal (Chrono Boost)  
  66  5:15  Charge (Chrono Boost)  
  66  5:23  Gateway  
  66  5:24  Gateway  
  66  5:25  Gateway  
  66  5:26  Gateway  
  66  5:34  Pylon x2  
  66  5:48  Immortal (Chrono Boost)  
  68  5:59  Gateway  
  68  6:00  Pylon  
  68  6:02  Zealot x4  
  76  6:06  Pylon  
  76  6:22  Zealot x3  
  76  6:23  Zealot x2  
  76  6:24  Observer, Zealot  
  89  6:38  Zealot  
  91  6:44  Sentry x2  
  91  6:45  Sentry  
  91  6:46  Zealot x2  
  91  6:47  Zealot x2  
  103  7:06  Zealot  
  103  7:07  Zealot x4  
  109  7:10  Zealot x3  
  111  7:25  Zealot  
  111  7:28  Zealot x2  
  111  7:29  Zealot x2  
  101  7:31  Zealot  
  81  7:37  Zealot x2  
  81  7:44  Zealot  
  77  7:54  Zealot x3  
  77  7:55  Zealot x2  
  85  8:04  Zealot x3  
  80  8:17  Zealot x4  
  82  8:33  Zealot x4  
Tags
 
Add a new tag
Caveats
  • Supply blocks, unpowered buildings, or Contaminate may cause inaccurate times.
  • Supply counts are checked every 10 seconds.